[Event "Titled Tuesday Blitz May 03 Early 2022"]
[White "Clawitter, Craig"]
[Black "Rodchenkov, Sergey D."]
[WhiteFideId "2023105"]
[BlackFideId "4168712"]
[WhiteElo "2286"]
[BlackElo "2306"]
[Result "0-1"]
[Round "10"]
[TimeControl "180+1"]
[Date "2022.05.03"]
[WhiteClock "0:00:01"]
[BlackClock "0:00:36"]

1. e4 c5 2. Nf3 d6 3. d4 cxd4 4. Nxd4 Nf6 5. Nc3 a6 6. Be3 e5 7. Nb3 Be7 8. f3 O-O 9. Qd2 Be6 10. O-O-O Nbd7 11. g4 b5 12. Rg1 Nb6 13. Na5 Rc8 14. g5 Nh5 15. Nd5 Nxd5 16. exd5 Bxd5 17. Qxd5 Qxa5 18. Bh3 Rc7 19. Bg4 Nf4 20. Bxf4 exf4 21. h4 Rd8 22. Kb1 Bf8 23. Rd4 Re8 24. Rgd1 Re5 25. Qb3 Rec5 26. Rxf4 Rc4 27. Rxc4 bxc4 28. Qb8 Re7 29. Qxd6 Re8 30. Qd2 Bb4 31. c3 Bf8 32. Qc2 Rb8 33. Bf5 Ba3 34. Bxh7+ Kh8 0-1


[Site "https://www.chess.com"]

[Event "Titled Tuesday Blitz May 03 Early 2022"]
[White "Cramling Bellon, Anna"]
[Black "Todorovic, Bojan"]
[WhiteFideId "32009232"]
[BlackFideId "917087"]
[WhiteElo "1905"]
[BlackElo "2266"]
[Result "0-1"]
[Round "10"]
[TimeControl "180+1"]
[Date "2022.05.03"]
[WhiteClock "0:00:01"]
[BlackClock "0:00:23"]

1. d4 Nf6 2. c4 g6 3. Nc3 Bg7 4. e4 d6 5. h3 O-O 6. Bg5 c5 7. d5 b5 8. cxb5 Qa5 9. Qd2 a6 10. Bd3 Nbd7 11. Nf3 Nb6 12. bxa6 Bxa6 13. O-O Rfb8 14. e5 Bxd3 15. Qxd3 c4 16. Qd2 Nfxd5 17. Nxd5 Nxd5 18. Qxa5 Rxa5 19. Nd4 Rxb2 20. Nc6 Raxa2 21. Rxa2 Rxa2 22. Nxe7+ Nxe7 23. Bxe7 Bxe5 24. f4 Bd4+ 25. Kh2 c3 26. f5 c2 27. fxg6 hxg6 28. Bg5 Ra1 29. Rxa1 Bxa1 30. Bc1 Be5+ 31. Kg1 g5 32. Kf2 Bf4 33. Bb2 c1=Q 34. Bxc1 Bxc1 35. Kf3 f5 36. g4 Kf7 37. gxf5 Kf6 38. Ke4 Bf4 39. h4 gxh4 40. Kxf4 d5 41. Kg4 d4 42. Kf3 d3 43. Ke3 h3 44. Kxd3 h2 0-1


[Site "https://www.chess.com"]

[Event "Titled Tuesday Blitz May 03 Early 2022"]
[White "Cunha, Lucas Aguiar"]
[Black "Yuan, Qingyu"]
[WhiteFideId "2125404"]
[BlackFideId "8609772"]
[WhiteElo "2361"]
[BlackElo "2359"]
[Result "0-1"]
[Round "10"]
[TimeControl "180+1"]
[Date "2022.05.03"]
[WhiteClock "0:01:07"]
[BlackClock "0:00:57"]

1. e4 c6 2. d4 d5 3. e5 c5 4. dxc5 e6 5. a3 Bxc5 6. b4 Be7 7. Nf3 a5 8. b5 f6 9. Bb2 Nd7 10. Bd3 Nh6 11. O-O Nf7 12. exf6 Bxf6 13. Nc3 O-O 14. Re1 Nc5 15. Bf1 a4 16. Rb1 Qc7 17. g3 b6 18. Nd4 Bd7 19. Bg2 Rae8 20. Qd2 Nd6 21. Nxd5 exd5 22. Bxd5+ Kh8 23. Nc6 Bxb2 24. Rxb2 Nce4 25. Qd4 Nxf2 26. Rxe8 Bxe8 27. c4 Nh3+ 28. Kg2 Bd7 29. Re2 Qc8 30. Qxb6 Ng5 31. Qc5 Bh3+ 0-1


[Site "https://www.chess.com"]

[Event "Titled Tuesday Blitz May 03 Early 2022"]
[White "Cunjalo, Faris"]
[Black "Rohith Krishna S"]
[WhiteFideId "14410710"]
[BlackFideId "46617051"]
[WhiteElo "2263"]
[BlackElo "2117"]
[Result "0-1"]
[Round "10"]
[TimeControl "180+1"]
[Date "2022.05.03"]
[WhiteClock "0:01:16"]
[BlackClock "0:01:18"]

1. Nf3 Nf6 2. g3 g6 3. b3 b6 4. Bb2 Bg7 5. Bg2 Bb7 6. c4 O-O 7. O-O c5 8. d4 e6 9. Nc3 d5 10. dxc5 bxc5 11. cxd5 exd5 12. Rc1 Na6 13. e3 Ne4 14. Qe2 Nb4 15. Rfd1 Ba6 16. Qe1 Nd3 17. Rxd3 Bxd3 18. Nxe4 Bxb2 19. Nxc5 Bxc1 20. Qxc1 Rc8 21. b4 Be4 22. Nd4 Bxg2 23. Kxg2 a5 24. a3 axb4 25. axb4 Qb6 26. Qc3 Rc7 27. Qb3 Rfc8 28. Qxd5 Ra7 29. Ne4 Re7 30. b5 Rd8 31. Qc6 Qxc6 32. Nxc6 Rxe4 33. Nxd8 Rb4 34. Nc6 Rxb5 35. Nd4 Ra5 36. h4 f5 37. Kf3 Kf7 38. Kf4 Kf6 39. Kf3 Ra2 40. Nc6 Rc2 41. Nd4 Rb2 42. Nc6 Ke6 43. Nd4+ Kd5 44. Ne2 Ke5 45. Nf4 Rd2 46. Nh3 h6 47. Nf4 g5 48. hxg5 hxg5 49. Ng2 g4# 0-1


[Site "https://www.chess.com"]

[Event "Titled Tuesday Blitz May 03 Early 2022"]
[White "D`Arruda, Ricardo D."]
[Black "Barria Zuniga, Daniel"]
[WhiteFideId "100692"]
[BlackFideId "3400816"]
[WhiteElo "2431"]
[BlackElo "2414"]
[Result "0-1"]
[Round "10"]
[TimeControl "180+1"]
[Date "2022.05.03"]
[WhiteClock "0:00:08"]
[BlackClock "0:00:05"]

1. d4 g6 2. e4 Bg7 3. Nc3 c5 4. Nf3 Qa5 5. Be2 Nc6 6. d5 Nd4 7. O-O d6 8. Nxd4 Bxd4 9. Bb5+ Kf8 10. Bd3 h5 11. Ne2 Bg7 12. Bd2 Qc7 13. Nc3 c4 14. Be2 Bd7 15. f4 b5 16. a3 Qb6+ 17. Kh1 Nh6 18. f5 Ng4 19. Bxg4 hxg4 20. fxg6 Be5 21. Rxf7+ Kg8 22. Rh7 Rxh7 23. gxh7+ Kxh7 24. Qe1 Kg7 25. Qh4 Bf6 26. Qh6+ Kf7 27. Rf1 Rg8 28. Bg5 Qd4 29. Qh5+ Rg6 30. Bxf6 exf6 31. Ne2 Qe5 32. Nf4 Qxh5 33. Nxh5 Rh6 34. Ng3 Kg6 35. Kg1 a5 36. Ne2 Rh8 37. Ng3 Re8 38. Kf2 Rh8 39. Rh1 b4 40. axb4 axb4 41. Ke3 Ra8 42. Kd4 c3 43. bxc3 bxc3 44. Kxc3 Ra3+ 45. Kd2 Kg5 46. Rf1 Ra4 47. Rf2 Rc4 48. Re2 Ba4 49. Rf2 Rxc2+ 50. Ke3 Rxf2 51. Kxf2 Kf4 52. Nh5+ Ke5 53. Nxf6 Kxf6 54. Kg3 Ke5 55. Kxg4 Bc2 56. h4 Bxe4 57. g3 Bxd5 58. Kg5 Be4 59. h5 d5 60. h6 d4 61. Kh5 d3 62. g4 d2 63. g5 d1=Q+ 64. Kh4 Kf5 0-1


[Site "https://www.chess.com"]

[Event "Titled Tuesday Blitz May 03 Early 2022"]
[White "Dauner, Benedikt"]
[Black "Tasev, Dejan"]
[WhiteFideId "16225899"]
[BlackFideId "936618"]
[WhiteElo "2230"]
[BlackElo "2253"]
[Result "1-0"]
[Round "10"]
[TimeControl "180+1"]
[Date "2022.05.03"]
[WhiteClock "0:00:35"]
[BlackClock "0:00:31"]

1. b3 Nf6 2. Bb2 g6 3. Bxf6 exf6 4. c4 Bg7 5. Nc3 O-O 6. g3 f5 7. Rc1 c6 8. Bg2 h5 9. e3 d6 10. Nge2 Nd7 11. O-O h4 12. d4 hxg3 13. hxg3 Bf6 14. Bf3 Kg7 15. Kg2 Rh8 16. Rh1 Rxh1 17. Qxh1 Qh8 18. Qxh8+ Kxh8 19. b4 Nb6 20. c5 dxc5 21. bxc5 Nc4 22. d5 Nd2 23. d6 Nxf3 24. Kxf3 Bd7 25. Rb1 Rb8 26. Nd4 Kg7 27. a4 b6 28. a5 b5 29. Na2 g5 30. Nb4 Rc8 31. Rd1 Kg6 32. Ke2 g4 33. Kd3 Kg5 34. Rh1 Kg6 35. Ne2 Be5 36. Kd2 Be6 37. Nd3 Bf6 38. Nef4+ Kg7 39. Nh5+ Kg6 40. Ndf4+ Kg5 41. Nxe6+ fxe6 42. Nf4 Bb2 43. Nxe6+ Kf6 44. d7 1-0


[Site "https://www.chess.com"]

[Event "Titled Tuesday Blitz May 03 Early 2022"]
[White "Deac, Bogdan-Daniel"]
[Black "Babazada, Khazar"]
[WhiteFideId "1226380"]
[BlackFideId "13413554"]
[WhiteElo "2648"]
[BlackElo "2406"]
[Result "1-0"]
[Round "10"]
[TimeControl "180+1"]
[Date "2022.05.03"]
[WhiteClock "0:02:08"]
[BlackClock "0:01:06"]

1. d4 Nf6 2. c4 c5 3. d5 e6 4. Nc3 exd5 5. cxd5 d6 6. e4 g6 7. Nf3 Bg7 8. Be2 O-O 9. Be3 Re8 10. Nd2 h5 11. h3 a6 12. a4 Nbd7 13. O-O Rb8 14. Qc2 Qe7 15. Rae1 Nf8 16. f4 Bd7 17. a5 Bb5 18. Nxb5 axb5 19. Bxb5 N8d7 20. Bf2 Rec8 21. Nc4 Ne8 22. e5 dxe5 23. d6 Nxd6 24. Nxd6 1-0


[Site "https://www.chess.com"]

[Event "Titled Tuesday Blitz May 03 Early 2022"]
[White "Demchenko, Anton"]
[Black "Kamsky, Gata"]
[WhiteFideId "4160258"]
[BlackFideId "2000024"]
[WhiteElo "2539"]
[BlackElo "2645"]
[Result "0-1"]
[Round "10"]
[TimeControl "180+1"]
[Date "2022.05.03"]
[WhiteClock "0:00:06"]
[BlackClock "0:00:34"]

1. e4 e5 2. Nf3 Nc6 3. Bc4 Nf6 4. d3 h6 5. a4 d6 6. Nc3 g6 7. h3 Bg7 8. Be3 O-O 9. O-O Qe7 10. Re1 Be6 11. a5 a6 12. Qd2 Kh7 13. Nd5 Bxd5 14. exd5 Nb8 15. Qb4 c6 16. dxc6 Nxc6 17. Qa3 Qd7 18. b4 d5 19. Bb3 e4 20. dxe4 Nxe4 21. Rad1 Nc3 22. Rd3 d4 23. Bd2 Qc7 24. Bxc3 dxc3 25. Qa4 Rad8 26. Rxd8 Rxd8 27. h4 Nd4 28. Nxd4 Bxd4 29. h5 Qf4 30. Rf1 Bxf2+ 0-1


[Site "https://www.chess.com"]

[Event "Titled Tuesday Blitz May 03 Early 2022"]
[White "Dilmukhametov, Artur"]
[Black "Winkels, Marcel"]
[WhiteFideId "24179922"]
[BlackFideId "1003887"]
[WhiteElo "2244"]
[BlackElo "1900"]
[Result "0-1"]
[Round "10"]
[TimeControl "180+1"]
[Date "2022.05.03"]
[WhiteClock "0:00:14"]
[BlackClock "0:01:43"]

1. d4 Nf6 2. Nc3 d5 3. Bf4 a6 4. Nf3 Bg4 5. e3 Nbd7 6. Bd3 e6 7. Bg5 Be7 8. Qd2 c5 9. h3 Bh5 10. g4 Bg6 11. Bxf6 Bxf6 12. h4 Bxd3 13. Qxd3 Qb6 14. O-O-O O-O-O 15. g5 Be7 16. Na4 Qc6 17. Nc3 Nb6 18. Ne5 Qe8 19. f4 f6 20. gxf6 gxf6 21. Nf3 Nc4 22. Nd2 Nxd2 23. Qxd2 c4 24. Rhg1 Rg8 25. Qe2 Bb4 26. e4 Bxc3 27. bxc3 Qa4 28. Kb2 Rd6 29. exd5 Rb6+ 0-1


[Site "https://www.chess.com"]

[Event "Titled Tuesday Blitz May 03 Early 2022"]
[White "Donchenko, Alexander"]
[Black "Dubov, Daniil"]
[WhiteFideId "24603295"]
[BlackFideId "24126055"]
[WhiteElo "2539"]
[BlackElo "2791"]
[Result "1-0"]
[Round "10"]
[TimeControl "180+1"]
[Date "2022.05.03"]
[WhiteClock "0:00:28"]
[BlackClock "0:00:04"]

1. d4 d5 2. Nf3 Nf6 3. Bf4 g6 4. e3 Bg7 5. h3 O-O 6. Nbd2 c5 7. c3 Nc6 8. Bd3 Nd7 9. Bb5 Qb6 10. Qb3 a6 11. Be2 Qxb3 12. axb3 e5 13. dxe5 Ndxe5 14. Nxe5 Nxe5 15. Nf3 Nxf3+ 16. Bxf3 Be6 17. O-O Rfd8 18. Ra5 Rac8 19. Rd1 Rd7 20. Rd2 h6 21. h4 Rcd8 22. Rxc5 Bf6 23. Bxh6 Bxh4 24. Bf4 Bf6 25. Rc7 Rxc7 26. Bxc7 Rd7 27. Bb6 g5 28. Bd4 Be7 29. g3 f5 30. Kf1 Kf7 31. Ke2 Bd6 32. Rd1 f4 33. gxf4 gxf4 34. Rh1 fxe3 35. Kxe3 Rd8 36. Rh7+ Kg6 37. Rg7+ Kh6 38. Rxb7 Re8 39. Kd2 Bf4+ 40. Be3 Kg5 41. Rb6 Kf5 42. Bxf4 Kxf4 43. Be2 a5 44. Ra6 d4 45. cxd4 Bxb3 46. Rxa5 Re4 47. Bd3 Re7 48. Rf5+ Kg4 49. Re5 Rb7 50. Kc3 Bf7 51. Bc4 Bg6 52. d5 Kf4 53. Re6 Bf5 54. Re8 Rh7 55. b4 Rh2 56. Re2 Be4 57. b5 Bf3 58. Rd2 Ke5 59. d6 Rh8 60. d7 Rd8 61. Kb4 Bg4 62. b6 Bxd7 63. Bb5 1-0


[Site "https://www.chess.com"]

[Event "Titled Tuesday Blitz May 03 Early 2022"]
[White "Erdogdu, Mert"]
[Black "Zhao, Jun"]
[WhiteFideId "6301495"]
[BlackFideId "8602522"]
[WhiteElo "2485"]
[BlackElo "2547"]
[Result "1-0"]
[Round "10"]
[TimeControl "180+1"]
[Date "2022.05.03"]
[WhiteClock "0:00:15"]
[BlackClock "0:00:01"]

1. e4 c5 2. Nf3 Nc6 3. d4 cxd4 4. Nxd4 Nf6 5. Nc3 e5 6. Ndb5 d6 7. Bg5 a6 8. Na3 b5 9. Nd5 Be7 10. Bxf6 Bxf6 11. c3 O-O 12. Nc2 Bg5 13. a4 bxa4 14. Rxa4 a5 15. Bc4 Rb8 16. b3 Be6 17. O-O Kh8 18. Qe2 Ne7 19. Nxe7 Bxe7 20. Ne3 Bg5 21. Nd5 f5 22. exf5 Bxf5 23. Rfa1 Ra8 24. b4 Be6 25. Rxa5 Rxa5 26. bxa5 Qb8 27. a6 Qa7 28. Kh1 Rb8 29. g3 Bd8 30. h4 g6 31. Kg2 Kg7 32. Ra2 Qc5 33. Ne3 d5 34. a7 Ra8 35. Ra6 Bf7 36. Ba2 Bb6 37. Qf3 e4 38. Qf4 Bc7 39. Qf6+ Kg8 40. Rc6 Qa5 41. Bxd5 Bxd5 42. Rxc7 Qxc7 43. Nxd5 Qf7 44. Ne7+ Kf8 45. Qh8+ Kxe7 46. Qxa8 Qf3+ 47. Kg1 Qd1+ 48. Kh2 Qf3 49. Qb7+ 1-0


[Site "https://www.chess.com"]

[Event "Titled Tuesday Blitz May 03 Early 2022"]
[White "Eynullayev, Atilla"]
[Black "Sokolovsky, Yahli"]
[WhiteFideId "13413570"]
[BlackFideId "2820242"]
[WhiteElo "1936"]
[BlackElo "1770"]
[Result "0-1"]
[Round "10"]
[TimeControl "180+1"]
[Date "2022.05.03"]
[WhiteClock "0:00:16"]
[BlackClock "0:00:09"]

1. e4 g6 2. d4 Bg7 3. Nc3 d6 4. Bg5 c5 5. dxc5 Qa5 6. Qd2 Qxc5 7. Nf3 Nf6 8. Be2 Nc6 9. O-O O-O 10. a3 Bg4 11. Be3 Qa5 12. h3 Bxf3 13. Bxf3 Rac8 14. Be2 Ne5 15. f3 Nc4 16. Bxc4 Rxc4 17. Nd5 Qd8 18. c3 Nxd5 19. Qxd5 Rc6 20. Bxa7 e6 21. Qb5 Qc7 22. Bf2 Ra8 23. Rfd1 Ra5 24. Qb3 Rg5 25. Rd2 Be5 26. Rad1 Bf4 27. Rd3 Qe7 28. Qc2 Qc7 29. Qe2 Ra5 30. Qe1 Rb5 31. Qe2 Rb3 32. g3 Bg5 33. f4 Be7 34. Qc2 Rb5 35. Kg2 Ra5 36. Qe2 Qb8 37. Bd4 Qa8 38. Qf3 Qa6 39. R1d2 Qc4 40. Bf2 Ra4 41. e5 d5 42. Rd4 Qa6 43. Rxa4 Qxa4 44. Qd3 Qb3 45. Bd4 Rc4 46. Qc2 Qb5 47. Qd1 Bd8 48. h4 h5 49. g4 hxg4 50. Qxg4 Qb3 51. h5 Kf8 52. hxg6 fxg6 53. Qxe6 Rc7 54. Qxg6 Rg7 55. Qxg7+ Kxg7 56. e6+ Kf8 57. f5 Qc4 58. f6 Qc6 59. e7+ Bxe7 60. fxe7+ Kxe7 61. Re2+ Kd7 62. Re5 Qg6+ 63. Kf3 Qd3+ 64. Re3 Qf1+ 65. Kg3 Qg1+ 66. Kf4 Qf2+ 67. Rf3 Qxb2 68. Ke5 Qe2+ 69. Re3 Qh5+ 70. Kf4 Qh4+ 71. Ke5 Qg5# 0-1


[Site "https://www.chess.com"]

[Event "Titled Tuesday Blitz May 03 Early 2022"]
[White "Fedoseev, Vladimir"]
[Black "Nakamura, Hikaru"]
[WhiteFideId "24130737"]
[BlackFideId "2016192"]
[WhiteElo "2726"]
[BlackElo "2850"]
[Result "0-1"]
[Round "10"]
[TimeControl "180+1"]
[Date "2022.05.03"]
[WhiteClock "0:00:02"]
[BlackClock "0:00:48"]

1. e4 g6 2. d4 c6 3. Nc3 d5 4. e5 Bg7 5. f4 h5 6. Be3 Nh6 7. Nf3 Bg4 8. Be2 e6 9. Bf2 Bf8 10. a3 Nd7 11. Nb1 c5 12. c3 Bxf3 13. Bxf3 cxd4 14. cxd4 Qb6 15. Ra2 Nf5 16. Be2 Nb8 17. Nd2 Nc6 18. Nf3 a5 19. O-O Be7 20. b3 Kf8 21. g3 Kg7 22. Kg2 Rac8 23. Qd3 Rc7 24. Rd1 Rhc8 25. Qb1 Na7 26. a4 Rc3 27. Rd3 Rc1 28. Qb2 R8c6 29. Bd1 Qc7 30. Qe2 Qd8 31. h3 Qh8 32. Qd2 Bb4 33. Qe2 R6c3 34. Rxc3 Rxc3 35. Rc2 Nc6 36. Rxc3 Bxc3 37. Qd3 Ba1 38. g4 hxg4 39. hxg4 Nh6 40. Ne1 Nb4 41. Qd2 Qc8 42. Nf3 Nxg4 43. Bh4 Qc3 44. Qxc3 Bxc3 45. Be2 Nc6 46. Kg3 Ne3 47. Bf6+ Kf8 48. Bb5 Nf5+ 49. Kg4 Ncxd4 50. Ng5 Nxb5 51. axb5 Nd4 52. Bd8 Nxb3 53. Nh7+ Ke8 54. Bb6 a4 55. Nf6+ Ke7 56. Bc7 Bb4 0-1


[Site "https://www.chess.com"]

[Event "Titled Tuesday Blitz May 03 Early 2022"]
[White "Fernandez Siles, Luis"]
[Black "Legenia, Artem"]
[WhiteFideId "2209420"]
[BlackFideId "14136945"]
[WhiteElo "2212"]
[BlackElo "1936"]
[Result "0-1"]
[Round "10"]
[TimeControl "180+1"]
[Date "2022.05.03"]
[WhiteClock "0:00:03"]
[BlackClock "0:00:39"]

1. d4 b6 2. e4 Bb7 3. Bd3 e6 4. Nf3 a6 5. O-O h6 6. Re1 g6 7. c4 Bg7 8. Nc3 d6 9. Be3 Ne7 10. b4 Nd7 11. Qd2 g5 12. h3 e5 13. d5 O-O 14. Rec1 f5 15. exf5 Nxf5 16. Ne4 Nxe3 17. Qxe3 Nf6 18. Nxf6+ Rxf6 19. Qe4 Bc8 20. Qh7+ Kf8 21. Nd2 Rf7 22. Qe4 Bf5 23. Qe2 Bxd3 24. Qxd3 e4 25. Nxe4 Bxa1 26. Rxa1 Qe7 27. Ng3 Qe5 28. Rd1 Re8 29. Qg6 Qf6 30. Qc2 Qf4 31. c5 Qxb4 32. Qg6 Re1+ 33. Rxe1 Qxe1+ 34. Kh2 Qxf2 35. Qxh6+ Ke8 36. cxd6 cxd6 37. Qxd6 Qf4 38. Qc6+ Kf8 39. Qh6+ Ke8 40. Qe6+ Re7 41. Qg6+ Kd8 42. Qxb6+ Ke8 43. Qg6+ Kf8 44. Qh6+ Ke8 45. Qc6+ Kf8 46. Qc8+ Kg7 47. d6 Re3 48. Qg4 Qxg4 49. hxg4 Kf7 50. d7 Rd3 51. Ne4 Rxd7 52. Nxg5+ Kg6 53. Ne4 Rd4 54. Nc3 Rd3 0-1


[Site "https://www.chess.com"]

[Event "Titled Tuesday Blitz May 03 Early 2022"]
[White "Fiorito, Fabian"]
[Black "Aradhya, Garg"]
[WhiteFideId "100200"]
[BlackFideId "25006746"]
[WhiteElo "2395"]
[BlackElo "2169"]
[Result "0-1"]
[Round "10"]
[TimeControl "180+1"]
[Date "2022.05.03"]
[WhiteClock "0:00:08"]
[BlackClock "0:01:09"]

1. d4 d5 2. Nc3 Nf6 3. Bf4 c5 4. e4 Nxe4 5. Bb5+ Nc6 6. Nxe4 dxe4 7. Ne2 e6 8. O-O Bd7 9. dxc5 Bxc5 10. Nc3 O-O 11. Nxe4 Be7 12. Bd6 a6 13. Ba4 b5 14. Bb3 Rc8 15. Nc5 Na5 16. Bxe7 Qxe7 17. Nxa6 Bc6 18. Qd2 Bxg2 19. Qxa5 Bf3 20. Qd2 Qh4 21. Bxe6 Rxc2 22. Qd7 Qg5+ 23. Bg4 Bxg4 24. f4 Qg6 25. f5 Bxf5+ 0-1


[Site "https://www.chess.com"]

[Event "Titled Tuesday Blitz May 03 Early 2022"]
[White "Gharibyan, Mamikon"]
[Black "Jumabayev, Rinat"]
[WhiteFideId "13308300"]
[BlackFideId "13702661"]
[WhiteElo "2254"]
[BlackElo "2561"]
[Result "0-1"]
[Round "10"]
[TimeControl "180+1"]
[Date "2022.05.03"]
[WhiteClock "0:01:46"]
[BlackClock "0:02:41"]

1. c4 Nf6 2. Nc3 e5 3. g3 c6 4. d4 exd4 5. Qxd4 d5 6. Bg2 Be6 7. cxd5 cxd5 8. Nf3 Nc6 9. Qd1 d4 10. Nb5 Qa5+ 0-1


[Site "https://www.chess.com"]

[Event "Titled Tuesday Blitz May 03 Early 2022"]
[White "Gurevich, Dmitry"]
[Black "Perez Gormaz, Matias"]
[WhiteFideId "2000407"]
[BlackFideId "3406342"]
[WhiteElo "2506"]
[BlackElo "2322"]
[Result "0-1"]
[Round "10"]
[TimeControl "180+1"]
[Date "2022.05.03"]
[WhiteClock "0:00:05"]
[BlackClock "0:00:03"]

1. d4 d5 2. c4 e6 3. Nc3 a6 4. c5 b6 5. cxb6 c5 6. dxc5 Bxc5 7. e3 Bxb6 8. Nf3 Nf6 9. Be2 O-O 10. O-O Bb7 11. b3 Nbd7 12. Bb2 Qe7 13. Na4 Bc7 14. Rc1 Bd6 15. Nd4 Rfc8 16. h3 Ne4 17. Bd3 Ne5 18. Bxe4 dxe4 19. Rxc8+ Rxc8 20. Qe2 Qg5 21. Kh1 Nf3 22. Nb6 Qe5 23. g3 Qh5 24. Kg2 Rd8 25. Nc4 Bb8 26. Rh1 Rxd4 27. Bxd4 Nh4+ 28. Kf1 Nf3 29. Nd2 Qa5 30. Nxf3 exf3 31. Qc2 f6 32. Kg1 h5 33. h4 Kf7 34. Kh2 Bd5 35. Rc1 Qd8 36. Qc8 Qd6 37. Qh8 Kg6 38. Rc8 Qb4 39. Rg8 Kf5 40. Qxh5+ Ke4 41. Qg6+ f5 42. Rxb8 Qe1 43. h5 Qxf2+ 44. Kh3 Qg2+ 45. Kh4 Qh2+ 46. Kg5 Qxg3# 0-1


[Site "https://www.chess.com"]

[Event "Titled Tuesday Blitz May 03 Early 2022"]
[White "Hamley, Ryan"]
[Black "Vlassov, Nikolai"]
[WhiteFideId "30959497"]
[BlackFideId "4103360"]
[WhiteElo "2508"]
[BlackElo "2407"]
[Result "0-1"]
[Round "10"]
[TimeControl "180+1"]
[Date "2022.05.03"]
[WhiteClock "0:00:24"]
[BlackClock "0:00:54"]

1. e4 c5 2. Nf3 d6 3. d4 cxd4 4. Nxd4 Nf6 5. Nc3 g6 6. Be3 Bg7 7. f3 a6 8. a4 O-O 9. Qd2 Nc6 10. Be2 d5 11. Nxc6 bxc6 12. e5 Nd7 13. f4 Rb8 14. Rb1 f6 15. e6 Nb6 16. f5 gxf5 17. O-O Bxe6 18. Bxa6 Bd7 19. a5 Nc8 20. b4 e5 21. Bc5 Rf7 22. b5 Qxa5 23. Ra1 Qc7 24. bxc6 Be6 25. Bb7 Rxb7 26. cxb7 Qxc5+ 27. Kh1 Rxb7 28. Ra8 Kf7 29. Ne2 f4 30. Ng1 Rc7 31. Qe2 Bf5 32. Nf3 Nd6 33. Nh4 Qxc2 34. Qe1 Be4 35. Ra6 Nc4 36. Qb4 Ne3 37. Rg1 Nxg2 38. Nxg2 Qxg2+ 0-1


[Site "https://www.chess.com"]

[Event "Titled Tuesday Blitz May 03 Early 2022"]
[White "Dronavalli, Harika"]
[Black "Pham, Tran Gia Phuc"]
[WhiteFideId "5015197"]
[BlackFideId "12415669"]
[WhiteElo "2382"]
[BlackElo "1789"]
[Result "1-0"]
[Round "10"]
[TimeControl "180+1"]
[Date "2022.05.03"]
[WhiteClock "0:01:25"]
[BlackClock "0:00:35"]

1. e4 c5 2. c3 d5 3. exd5 Qxd5 4. d4 Nf6 5. Nf3 Nc6 6. Na3 a6 7. Nc4 Bg4 8. Be2 Bxf3 9. gxf3 Rd8 10. dxc5 Qxc5 11. Qc2 b5 12. Be3 Qh5 13. Nd2 e6 14. a4 Bd6 15. axb5 axb5 16. f4 Ng4 17. Qe4 Ne7 18. h3 Qh4 19. hxg4 Qf6 20. g5 Qf5 21. Qxf5 Nxf5 22. Bxb5+ Kf8 23. Ke2 Rb8 24. c4 1-0


[Site "https://www.chess.com"]

[Event "Titled Tuesday Blitz May 03 Early 2022"]
[White "Harshavardhan G B"]
[Black "Samadov, Read"]
[WhiteFideId "25059009"]
[BlackFideId "13417444"]
[WhiteElo "1831"]
[BlackElo "2084"]
[Result "1-0"]
[Round "10"]
[TimeControl "180+1"]
[Date "2022.05.03"]
[WhiteClock "0:00:25"]
[BlackClock "0:00:02"]

1. d4 Nf6 2. c4 b6 3. f3 Bb7 4. e4 d6 5. Nc3 Nbd7 6. Be3 e5 7. d5 g6 8. Bd3 Bg7 9. Nge2 O-O 10. Qd2 Nh5 11. g4 Nf4 12. Nxf4 exf4 13. Bxf4 Ne5 14. Be2 f5 15. gxf5 gxf5 16. O-O-O Kh8 17. Rhg1 fxe4 18. Nxe4 Ng6 19. Bh6 Qe7 20. Bxg7+ Qxg7 21. Ng5 Bc8 22. Bd3 Bf5 23. Ne6 Bxe6 24. dxe6 Rae8 25. Bxg6 hxg6 26. Qd5 Rf5 27. Qe4 Qh6+ 28. Kb1 Rf6 29. e7 Kg7 30. Rde1 Qxh2 31. Qd4 Qf4 32. Qd5 Qxf3 33. Qd2 Qf4 34. Qc3 Kf7 35. Rh1 Qf5+ 36. Ka1 g5 37. Qe3 Kg6 38. Qg3 Re6 39. Ref1 Qe4 40. Qh3 Kg7 41. a3 g4 42. Qh4 Qg6 43. Rf4 Re4 44. Rxe4 Qxe4 45. Rg1 Rxe7 46. Rxg4+ Kf7 47. Rxe4 1-0


[Site "https://www.chess.com"]

[Event "Titled Tuesday Blitz May 03 Early 2022"]
[White "Hirneise, Jens"]
[Black "Levitskiy, Andrey"]
[WhiteFideId "24614734"]
[BlackFideId "14132885"]
[WhiteElo "2359"]
[BlackElo "2301"]
[Result "0-1"]
[Round "10"]
[TimeControl "180+1"]
[Date "2022.05.03"]
[WhiteClock "0:00:07"]
[BlackClock "0:00:12"]

1. d4 Nf6 2. c4 e6 3. Nf3 Bb4+ 4. Nbd2 d6 5. a3 Bxd2+ 6. Qxd2 a5 7. b3 Qe7 8. e3 e5 9. dxe5 dxe5 10. Bb2 Nc6 11. Qc2 Bg4 12. Be2 Bh5 13. O-O Bg6 14. Qc1 O-O 15. Nh4 Be4 16. f3 Bg6 17. Nxg6 hxg6 18. Qc3 Rad8 19. Rad1 Rxd1 20. Rxd1 Rd8 21. Rxd8+ Qxd8 22. b4 axb4 23. axb4 Nd7 24. f4 Qe7 25. b5 Nd8 26. fxe5 Ne6 27. Bf3 b6 28. Bd5 Ndc5 29. g3 Qg5 30. Bc1 Qg4 31. Qc2 Ng5 32. Kg2 Qh3+ 33. Kg1 Qg4 34. Bg2 Nf3+ 35. Bxf3 Qxf3 36. Qg2 Qd1+ 37. Qf1 Qc2 38. Ba3 Ne4 39. Bb4 Ng5 40. h4 Ne6 41. Be1 Qe4 42. Qe2 g5 43. h5 g4 44. Qf1 Ng5 45. Qg2 Nf3+ 46. Kf2 Qc2+ 47. Kf1 Qxc4+ 48. Qe2 Qe4 49. Kf2 Qxe5 50. Qd3 Qxh5 51. Bd2 Qh2+ 52. Kf1 Qg1+ 53. Ke2 Qg2+ 54. Kd1 Qxd2+ 55. Qxd2 Nxd2 56. Kxd2 f5 57. Kd3 Kf7 58. Kd4 Ke6 59. e4 g6 60. Ke3 Ke5 61. exf5 gxf5 62. Kd3 f4 63. gxf4+ Kxf4 64. Kd4 g3 65. Kd5 g2 66. Kc6 g1=Q 67. Kxc7 Qc5+ 68. Kb7 Qxb5 69. Ka7 Qa5+ 0-1


[Site "https://www.chess.com"]

[Event "Titled Tuesday Blitz May 03 Early 2022"]
[White "Hovhannisyan, Robert"]
[Black "Sychev, Klementy"]
[WhiteFideId "13302507"]
[BlackFideId "4114060"]
[WhiteElo "2570"]
[BlackElo "2564"]
[Result "1/2-1/2"]
[Round "10"]
[TimeControl "180+1"]
[Date "2022.05.03"]
[WhiteClock "0:00:05"]
[BlackClock "0:00:03"]

1. e4 c5 2. Nf3 e6 3. d4 cxd4 4. Nxd4 Nf6 5. Nc3 Nc6 6. Ndb5 Bc5 7. Bf4 O-O 8. Bc7 Qe7 9. Bd6 Bxd6 10. Qxd6 Qd8 11. O-O-O a6 12. Nd4 Ne7 13. h4 b5 14. h5 Ne8 15. Qg3 h6 16. Bd3 Bb7 17. f4 Rc8 18. Kb1 Qb6 19. Nce2 Nf6 20. Qf3 d6 21. g4 e5 22. g5 Nh7 23. gxh6 exd4 24. Rhg1 g6 25. f5 Kh8 26. hxg6 fxg6 27. Nf4 g5 28. Ne6 Rxf5 29. Qh5 Re5 30. Qf7 Rg8 31. Rdf1 Ng6 32. Rf5 Bc8 33. Nxg5 Nxg5 34. Rfxg5 Rxg5 35. Rxg5 Qb7 36. Qf6+ Kh7 37. b3 Qe7 38. Qxe7+ Nxe7 39. e5+ Kxh6 40. Rxg8 Nxg8 41. exd6 Bd7 42. a4 Nf6 43. axb5 axb5 44. b4 Ne8 45. Kb2 Nxd6 46. c3 dxc3+ 47. Kxc3 Kg5 48. Kd4 Kf6 49. Kc5 Ke5 50. Bf1 Be8 51. Be2 Ne4+ 52. Kb6 Nc3 53. Bf1 Kd4 54. Ka5 Bd7 55. Kb6 Ke3 56. Ka5 Kd2 57. Kb6 Kc2 58. Kc5 Kb3 59. Bd3 Na4+ 60. Kd6 Be8 61. Ke7 Kc3 62. Bf1 Bc6 63. Kd6 Be8 64. Ke7 Bc6 65. Kd6 Bf3 66. Bxb5 Nb2 67. Bc6 Nc4+ 68. Kc7 Be2 69. b5 Kb4 70. b6 Nxb6 71. Kxb6 1/2-1/2


[Site "https://www.chess.com"]